 Dungeon Crawl Stone Soup version 0.28.0-45-g0d030f2227 (webtiles) character file.

Game seed: 6087932592105820705

963 NinjaNoafa the Vexing (level 8, -4/60 HPs)
             Began as a Gnoll Arcane Marksman on Apr 4, 2022.
             Was a Follower of Cheibriados.
             Slain by a seven-headed hydra (7 damage)
             ... on level 6 of the Dungeon.
             The game lasted 00:17:38 (6334 turns).

NinjaNoafa the Vexing (Gnoll Arcane Marksman)       Turns: 6334, Time: 00:17:41

Health: -4/60      AC:  6    Str: 12 (13) XL:     8   Next: 15%
Magic:  11/14      EV: 15    Int: 15 (18) God:    Cheibriados [*.....]
Gold:   180        SH:  0    Dex: 20 (21) Spells: 13/15 levels left

rFire   + + .      SeeInvis .   k - +0 dagger (venom)
rCold   . . .      Faith    .   (no shield)
rNeg    . . .      Spirit   .   x - +1 leather armour {rF+}
rPois   .          Reflect  .   (no helmet)
rElec   .          Harm     .   q - +0 cloak
rCorr   .          Rampage  .   h - +0 pair of gloves
Will    .....                   (no boots)
Stlth   ++........              (no amulet)
HPRegen 0.20/turn               s - +6 ring of dexterity
MPRegen 0.14/turn               p - ring of protection from fire

@: very slow
A: fangs 1, strong nose, distributed training
a: Renounce Religion, Bend Time


You were on level 6 of the Dungeon.
You worshipped Cheibriados.
Cheibriados was aware of your devotion.
You visited 2 branches of the dungeon, and saw 7 of its levels.

You collected 180 gold pieces.

Inventory:

Hand Weapons
 a - a +0 shortbow
 f - a +0 whip
 g - a +0 rapier
 k - a +0 dagger of venom (weapon)
 v - a +0 hunting sling
Missiles
 c - 55 arrows
 n - 10 poisoned darts (quivered)
 r - 30 bolts
 t - 59 stones
 u - 32 sling bullets
Armour
 d - a +0 robe
 h - a +0 pair of gloves (worn)
 q - a +0 cloak (worn)
 x - a +1 leather armour of fire resistance (worn)
Jewellery
 p - a ring of protection from fire (right hand)
 s - a +6 ring of dexterity (left hand)
Wands
 w - a wand of paralysis (11)
Scrolls
 e - 5 scrolls of noise
 i - 3 scrolls of silence
 j - 2 scrolls of magic mapping
 l - 2 scrolls of fog
 o - a scroll of teleportation
 B - a scroll of holy word
Potions
 b - a potion of attraction


   Skills:
 + Level 4.0 Fighting
 + Level 3.0 Short Blades
 + Level 3.0 Long Blades
 + Level 3.0 Axes
 + Level 3.0 Maces & Flails
 + Level 3.0 Polearms
 + Level 3.0 Staves
 + Level 3.0 Slings
 + Level 5.5 Bows
 + Level 3.0 Crossbows
 + Level 3.0 Throwing
 + Level 3.0 Armour
 + Level 5.5 Dodging
 + Level 3.0 Stealth
 + Level 3.0 Shields
 + Level 3.0 Unarmed Combat
 + Level 4.1 Spellcasting
 + Level 2.4 Conjurations
 + Level 6.0 Hexes
 + Level 2.4 Summonings
 + Level 2.4 Necromancy
 + Level 2.4 Translocations
 + Level 2.4 Transmutations
 + Level 2.4 Fire Magic
 + Level 2.4 Ice Magic
 + Level 2.4 Air Magic
 + Level 2.4 Earth Magic
 + Level 2.4 Poison Magic
 + Level 3.3 Invocations
 + Level 3.0 Evocations


You had 13 spell levels left.
You knew the following spells:

 Your Spells              Type           Power      Damage    Failure   Level
a - Shock                 Conj/Air       40%        1d5       9%          1
b - Slow                  Hex            84%        N/A       1%          1

Your spell library contained the following spells:

 Spells                   Type           Power      Damage    Failure   Level
 Inner Flame              Hex/Fire       15%        N/A       12%         3
 Portal Projectile        Hex/Tloc       30%        N/A       12%         3
 Static Discharge         Conj/Air       10%        N/A       13%         2
 Cause Fear               Hex            10%        N/A       19%         4
 Swiftness                Air            10%        N/A       26%         3
 Airstrike                Air            5%         N/A       63%         4
 Conjure Ball Lightning   Conj/Air       5%         3x3d6     100%        6
 Malign Gateway           Summ/Tloc      5%         N/A       100%        7
 Summon Horrible Things   Summ           5%         N/A       100%        8
 Fire Storm               Conj/Fire      5%         8d1       100%        9


Dungeon Overview and Level Annotations

Branches:
Dungeon (6/15)             Temple (1/1) D:4

Altars:
Cheibriados
Elyvilon
Fedhas
Hepliaklqana
Kikubaaqudgha
Makhleb
Qazlal
Ru
Sif Muna
Trog
Uskayaw
Vehumet
Wu Jian
Xom
Yredelemnul
The Shining One
Lugonu

Shops:
D:3 (


Innate Abilities, Weirdness & Mutations

You have very sharp teeth.
Your uncanny sense of smell can sniff out nearby items.
Your experience applies equally to all skills.


Message History

k - a +0 dagger of venom The seven-headed hydra roars!
The orc priest shouts!
The orc closely misses you.
The wyvern skeleton bites you but does no damage.
The orc hits you with a +0 whip.
Okay, then.
You hit the orc.
You kill the orc!
Cheibriados appreciates the change of pace.
You feel sick. The wyvern skeleton bites you.
The wyvern skeleton bites you but does no damage.
You hit the orc.
The orc is lightly wounded.
You feel sick.
You are no longer poisoned.
The orc misses you. The wyvern skeleton barely misses you.
Your +0 dagger of venom begins to drip with poison!
k - a +0 dagger of venom (weapon)
The orc priest looks braver for a moment.
The orc completely misses you. The wyvern skeleton bites you!
You hit the orc.
The orc is poisoned.
You punch the orc, but do no damage.
The orc is heavily wounded.
The orc misses you. The orc priest barely misses you.
The wyvern skeleton bites you.
You hit the orc priest.
The orc priest is poisoned.
The orc priest is lightly wounded.
The wyvern skeleton barely misses you. The orc priest misses you.
The orc barely misses you.
You hit the orc priest but do no damage.
The orc priest is moderately wounded.
You kill the orc!
Cheibriados appreciates the change of pace.
The orc priest begins to cast a cantrip, but forgets the words!
You barely miss the seven-headed hydra. The seven-headed hydra bites you! x2
The seven-headed hydra bites you.
* * * LOW HITPOINT WARNING * * *
The seven-headed hydra bites you!
* * * LOW HITPOINT WARNING * * *
The seven-headed hydra bites you!
You die...

.......... ...#
..........#.####..#
.............#....##
.........#<##......#
.........####....###
.........##...[..#
.........###)..###
.....ZDo##.....#
#@).....## #.)....##
#....### #...##
#####


You could see a seven-headed hydra, an orc priest (very poisoned) and a wyvern
skeleton.

Vanquished Creatures
  A water moccasin (D:5)
  An ogre (D:4)
  2 phantoms
  2 wyvern skeletons
  A water moccasin skeleton (D:5)
  A howler monkey (D:5)
  A centaur zombie (D:5)
  An orc priest (D:6)
  A centaur skeleton (D:5)
  A hound (D:5)
  2 iguanas (D:5)
  2 orc wizards (D:4)
  A howler monkey zombie (D:5)
  A gnoll (D:2)
  4 adders
  A howler monkey skeleton (D:5)
  An adder skeleton (D:4)
  2 worms
  3 dart slugs
  17 orcs
  8 bats
  7 endoplasms
  4 giant cockroaches
  7 goblins
  6 hobgoblins
  6 jackals (D:2)
  4 kobolds
  13 quokkas
  3 ball pythons
  4 frilled lizards
  5 rats (D:2)
113 creatures vanquished.

Vanquished Creatures (others)
  2 fungi (D:1)
  2 plants (D:1)
4 creatures vanquished.

Grand Total: 117 creatures vanquished

Notes
Turn   | Place    | Note
-------+----------+-------------------------------------------
     0 | D:1      | NinjaNoafa the Gnoll Arcane Marksman began the quest for
                  | the Orb.
     0 | D:1      | Reached XP level 1. HP: 17/17 MP: 4/4
   131 | D:1      | Reached XP level 2. HP: 23/23 MP: 5/5
   699 | D:1      | Found a faded altar of an unknown god.
   802 | D:1      | Reached XP level 3. HP: 28/28 MP: 7/7
  1057 | D:2      | Reached skill level 1 in Invocations
  1067 | D:2      | Reached skill level 1 in Short Blades
  1067 | D:2      | Reached skill level 1 in Long Blades
  1067 | D:2      | Reached skill level 1 in Axes
  1067 | D:2      | Reached skill level 1 in Maces & Flails
  1067 | D:2      | Reached skill level 1 in Polearms
  1067 | D:2      | Reached skill level 1 in Staves
  1067 | D:2      | Reached skill level 1 in Slings
  1067 | D:2      | Reached skill level 1 in Crossbows
  1067 | D:2      | Reached skill level 1 in Throwing
  1067 | D:2      | Reached skill level 1 in Armour
  1067 | D:2      | Reached skill level 1 in Stealth
  1067 | D:2      | Reached skill level 1 in Shields
  1067 | D:2      | Reached skill level 1 in Unarmed Combat
  1067 | D:2      | Reached skill level 1 in Evocations
  1340 | D:2      | Reached XP level 4. HP: 30/34 MP: 8/8
  1862 | D:2      | Reached skill level 1 in Conjurations
  1862 | D:2      | Reached skill level 1 in Summonings
  1862 | D:2      | Reached skill level 1 in Necromancy
  1862 | D:2      | Reached skill level 1 in Translocations
  1862 | D:2      | Reached skill level 1 in Transmutations
  1862 | D:2      | Reached skill level 1 in Fire Magic
  1862 | D:2      | Reached skill level 1 in Ice Magic
  1862 | D:2      | Reached skill level 1 in Air Magic
  1862 | D:2      | Reached skill level 1 in Earth Magic
  1862 | D:2      | Reached skill level 1 in Poison Magic
  2065 | D:3      | Noticed a phantom
  2109 | D:3      | Killed a phantom
  2110 | D:3      | Reached XP level 5. HP: 31/41 MP: 9/9
  2473 | D:3      | Reached XP level 6. HP: 24/47 MP: 10/10
  2823 | D:3      | Found Zituy's Weapon Emporium.
  3339 | D:4      | Found a shimmering altar of Xom.
  3384 | D:4      | Reached skill level 5 in Bows
  3384 | D:4      | Reached skill level 5 in Dodging
  3516 | D:4      | Got the Collected Works on Lethal Flight
  3519 | D:4      | Found a staircase to the Ecumenical Temple.
  3552 | Temple   | Entered the Ecumenical Temple
  3568 | Temple   | Became a worshipper of Cheibriados the Contemplative
  4105 | D:4      | Found a radiant altar of Vehumet.
  4108 | D:4      | Found a shimmering blue altar of Sif Muna.
  4108 | D:4      | Found a white marble altar of Elyvilon.
  4110 | D:4      | Found a bloodstained altar of Trog.
  4110 | D:4      | Found a basalt altar of Yredelemnul.
  4155 | D:4      | Reached XP level 7. HP: 51/52 MP: 12/12
  4324 | D:4      | Reached * piety under Cheibriados
  4638 | D:5      | Entered Level 5 of the Dungeon
  4713 | D:5      | Found a sacrificial altar of Ru.
  4921 | D:5      | Found a glowing golden altar of the Shining One.
  5464 | D:5      | Found a hide-covered altar of Uskayaw.
  5522 | D:5      | Reached skill level 6 in Hexes
  5848 | D:5      | Reached XP level 8. HP: 52/60 MP: 14/14
  5862 | D:5      | Found a stormy altar of Qazlal.
  6309 | D:6      | Learned a level 1 spell: Shock
  6315 | D:6      | Learned a level 1 spell: Slow
  6326 | D:6      | Noticed a seven-headed hydra
  6334 | D:6      | HP: 3/60 [seven-headed hydra (13)]
  6334 | D:6      | Slain by a seven-headed hydra

Illustrated notes

Levels and vault maps discovered:
D:1:      ebering_hopf_link, layout_loops_ring,
          shapermc_ecumenical_altar_mp_urbaneastern
D:2:      layout_loops_ring, serial_park_tiny_pond, minmay_ruptured
D:3:      layout_basic, portal_sewer_entry_e, serial_shops,
          nicolae_shop_waterfront
D:4:      layout_loops_ring, mainiacjoe_overflow_concentric_impassable,
          grunt_temple_overflow_open, minmay_temple_entry_offerings
D:5:      layout_rooms, nicolae_overflow_crystal_walls,
          nicolae_tso_carved_into_rock, nicolae_uskayaw_dance_hall,
          marbit_many_paths, corexii_shack
D:6:      layout_cave_pools, zin_angel
Temple:   corrupted_temple

Skill      XL: |  1  2  3  4  5  6  7  8 |
---------------+-------------------------+-----
Invocations    | 1 2 3 |  3.3
Short Blades   | 1 2 3 |  3.0
Long Blades    | 1 2 3 |  3.0
Axes           | 1 2 3 |  3.0
Maces & Flails | 1 2 3 |  3.0
Polearms       | 1 2 3 |  3.0
Staves         | 1 2 3 |  3.0
Slings         | 1 2 3 |  3.0
Crossbows      | 1 2 3 |  3.0
Throwing       | 1 2 3 |  3.0
Armour         | 1 2 3 |  3.0
Stealth        | 1 2 3 |  3.0
Shields        | 1 2 3 |  3.0
Unarmed Combat | 1 2 3 |  3.0
Evocations     | 1 2 3 |  3.0
Spellcasting   | 3 4 |  4.1
Conjurations   | 1 2 |  2.4
Summonings     | 1 2 |  2.4
Necromancy     | 1 2 |  2.4
Translocations | 1 2 |  2.4
Transmutations | 1 2 |  2.4
Fire Magic     | 1 2 |  2.4
Ice Magic      | 1 2 |  2.4
Air Magic      | 1 2 |  2.4
Earth Magic    | 1 2 |  2.4
Poison Magic   | 1 2 |  2.4
Fighting       | 3 4 |  4.0
Bows           | 5 |  5.5
Dodging        | 5 |  5.5
Hexes          | 6 |  6.0

Action                   |  1- 3 |  4- 6 |  7- 9 || total
-------------------------+-------+-------+-------++-------
Melee: Rapier            |    49 |   141 |   215 ||   405
       Whip              |     8 |       |       ||     8
       Bite              |     7 |    13 |    26 ||    46
       Punch             |     1 |     3 |     8 ||    12
       Dagger            |       |       |     4 ||     4
 Fire: Shortbow          |    59 |    44 |    17 ||   120
       Hunting sling     |       |    11 |     7 ||    18
Throw: Dart              |       |       |     1 ||     1
 Cast: Slow              |       |     1 |     5 ||     6
       Shock             |       |       |     4 ||     4
Invok: Bend Time         |       |       |     1 ||     1
  Use: Potion            |       |     4 |     8 ||    12
       Scroll            |       |     1 |    10 ||    11
 Stab: Sleeping          |       |     2 |     3 ||     5
Armor: Robe              |    18 |    23 |     3 ||    44
       Skin              |       |    17 |    54 ||    71
       Leather armour    |       |       |    61 ||    61
Dodge: Dodged            |    75 |    69 |   213 ||   357
